 Dungeon Crawl Stone Soup version 0.17-a0-1510-gb3fb22e (webtiles) character file.

1695 patman the Chopper (level 9, 47/47 HPs)
             Began as a Vine Stalker Wanderer on July 11, 2015.
             Quit the game in the Ecumenical Temple.
             The game lasted 00:13:48 (4684 turns).

patman the Chopper (Vine Stalker Wanderer)          Turns: 4684, Time: 00:13:48

Health: 47/47      AC:  7    Str: 18    XL:     9   Next: 3%
Magic:  10/10      EV:  5    Int: 16    God:
Gold:   374        SH: 14    Dex: 16    Spells: 0 memorised, 8 levels left

rFire  . . .     SeeInvis .     b - +0 hand axe
rCold  . . .     Clarity  .     k - +0 ring mail
rNeg   . . .     SustAt   .     g - +2 large shield
rPois  .         Gourm    .     o - +0 helmet
rElec  .         Spirit   +     (no cloak)
rCorr  .         Warding  .     (no gloves)
rMut   .         Stasis   .     (no boots)
MR     +....                    s - amulet of rage
Stlth  +.........               F - +3 ring of intelligence
                                x - +3 ring of dexterity

@: somewhat resistant to hostile enchantments, very unstealthy
A: fangs 3, regeneration 2, magic shield, antimagic bite, no device heal 3, rot
immunity
a: Evoke Berserk Rage


You were in the Ecumenical Temple.
You were not hungry.

You visited 2 branches of the dungeon, and saw 8 of its levels.

You collected 374 gold pieces.

Inventory:

Hand weapons
 b - a +0 hand axe (weapon)
Armour
 a - a +0 shield
 g - a +2 large shield (worn)
 k - a +0 ring mail (worn)
 o - a +0 helmet (worn)
Jewellery
 s - an amulet of rage (around neck)
 x - a +3 ring of dexterity (left hand)
 E - an uncursed ring of magical power {unknown}
 F - a +3 ring of intelligence (right hand)
Magical devices
 q - a wand of polymorph (13)
 t - a wand of cold (10)
 B - a wand of digging (15)
Scrolls
 c - 3 scrolls of teleportation
 d - a scroll of amnesia {unknown}
 h - 2 scrolls of recharging {unknown}
 r - 5 scrolls of remove curse
 w - 3 scrolls of random uselessness {unknown}
 H - a scroll of enchant weapon {unknown}
 I - a scroll of enchant armour {unknown}
Potions
 i - a potion of curing
 j - 2 potions of agility
 l - a potion of cancellation
 n - 2 potions of invisibility
 p - 4 potions of might
 v - a potion of brilliance
 A - 2 potions of haste
 C - a potion of cure mutation {unknown}
Books
 u - a book of the Sky

   Spells                             Type                      Level
   a - Summon Lightning Spire         Summoning/Air                4
   b - Airstrike                      Air                          4
   c - Silence                        Hexes/Air                    5
   d - Deflect Missiles               Charms/Air                   6
   e - Conjure Ball Lightning         Conjuration/Air              6
   f - Tornado                        Air                          9
Miscellaneous
 y - a plain deck of changes
Comestibles
 e - 6 bread rations
 f - a meat ration
 m - a beef jerky
 z - 3 fruits
 D - a slice of pizza
 G - a chunk of flesh


   Skills:
 * Level 5.2 Fighting
 - Level 7.5 Axes
 * Level 4.8 Armour
 - Level 1.2 Stealth
 - Level 1.0 Shields
   Level 2.0 Hexes
   Level 1.0 Poison Magic


You had 8 spell levels left.
You didn't know any spells.

Dungeon Overview and Level Annotations

Branches:
Dungeon (7/15)             Temple (1/1) D:7

Altars:
Ashenzari
Dithmenos
Elyvilon
Fedhas
Kikubaaqudgha
Makhleb
Nemelex Xobeh
Okawaru
Qazlal
Trog
Yredelemnul
Zin
The Shining One

Annotations:
D:3 Eleanoora's ghost, average FoTm


Innate Abilities, Weirdness & Mutations

You have razor-sharp teeth.
You heal very quickly.
When hurt, damage is shared between your health and your magic reserves.
Your bite disrupts and absorbs the magic of your enemies.
Potions and wands cannot restore your health.
You are immune to rotting.


Message History

You kill the sky beast!
You have reached level 9!
Your experience leads to an increase in your attributes!
Your base attributes are Str 17, Int 13, Dex 13.
Increase (S)trength, (I)ntelligence, or (D)exterity?
You feel stronger.
(D) Dungeon (T) Temple
Where to? (Enter - D:6 @ (x,y), ? - help)
There is a staircase to the Ecumenical Temple here.
You climb downwards.
Welcome to the Ecumenical Temple!
Found eight altars.
There is a staircase back to the Dungeon here.
Key pressed, stopping travel.
Unknown command.
Unknown command.
Unknown command.
There is a bloodstained altar of Trog here.
Unknown command.
There is a staircase back to the Dungeon here.
Are you sure you want to abandon this character and quit the game? (Confirm with "yes".)

#########
##_....._##
##.........##
##...≈≈.≈≈...##
#...≈≈...≈≈...#
#_.≈≈≈≈.≈≈≈≈._#
#..≈.≈...≈.≈..#
#......@......#
#..≈.≈...≈.≈..#
#_.≈≈≈≈.≈≈≈≈._#
#...≈≈...≈≈...#
##...≈≈.≈≈...##
##.........##
##_....._##
#########


There were no monsters in sight!

Vanquished Creatures
  4 yaks (D:6)
  An ice beast (D:5)
  2 sky beasts
  2 centaurs
  A giant frog (D:5)
  3 wights (D:7)
  A crimson imp (D:5)
  2 centaur skeletons
  2 orc wizards
  An orc priest (D:3)
  2 worker ants
  2 hound zombies
  Robin (D:2)
  9 adders
  2 adder skeletons (D:3)
  An adder zombie (D:3)
  2 worms (D:2)
  4 giant geckos
  6 orcs
  6 bat skeletons
  A bat zombie (D:3)
  4 giant cockroaches
  15 goblins
  13 hobgoblins
  4 ball pythons
  A ball python skeleton (D:3)
  6 bats
  A giant cockroach zombie (D:3)
  A giant gecko skeleton (D:6)
  9 giant newts
  9 jackals
  5 kobolds
  4 quokkas
  A quokka skeleton (D:3)
  A quokka zombie (D:5)
  13 rats
142 creatures vanquished.

Notes
Turn   | Place    | Note
--------------------------------------------------------------
     0 | D:1      | patman the Vine Stalker Wanderer began the quest for the Orb.
     0 | D:1      | patman set off with: a +0 shield, a +0 hand axe, a scroll of teleportation, a +0 robe, a bread ration
     0 | D:1      | Reached XP level 1. HP: 10/10 MP: 2/2
    95 | D:1      | Reached skill level 3 in Axes
   144 | D:1      | Reached XP level 2. HP: 12/14 MP: 3/3
   616 | D:1      | Reached XP level 3. HP: 14/18 MP: 2/4
   749 | D:2      | Noticed Robin
   769 | D:2      | Reached skill level 4 in Axes
   774 | D:2      | Killed Robin
   800 | D:2      | Found an iron altar of Okawaru.
   814 | D:2      | Reached XP level 4. HP: 14/22 MP: 5/5
   908 | D:2      | Found a glowing silver altar of Zin.
  1508 | D:3      | Reached skill level 5 in Axes
  1508 | D:3      | Reached XP level 5. HP: 17/25 MP: 6/6
  1527 | D:3      | Noticed Eleanoora's ghost (average FoTm)
  1642 | D:3      | Found a shattered altar of Ashenzari.
  2488 | D:4      | Gained mutation: You heal very quickly. [Vine Stalker growth]
  2488 | D:4      | Reached XP level 6. HP: 27/30 MP: 7/7
  2564 | D:4      | Reached skill level 6 in Axes
  2613 | D:5      | Entered Level 5 of the Dungeon
  2697 | D:5      | Reached skill level 7 in Axes
  2697 | D:5      | Reached XP level 7. HP: 30/33 MP: 8/8
  2771 | D:5      | Found a sparkling altar of Nemelex Xobeh.
  3211 | D:5      | Found a glowing golden altar of the Shining One.
  4105 | D:6      | Noticed a yak
  4106 | D:6      | Noticed a yak
  4106 | D:6      | Noticed a yak
  4107 | D:6      | Noticed a yak
  4116 | D:6      | Killed a yak
  4116 | D:6      | Gained mutation: You have razor-sharp teeth. [Vine Stalker growth]
  4116 | D:6      | Reached XP level 8. HP: 15/39 MP: 2/9
  4118 | D:6      | HP: 2/58 [yak (6)]
  4119 | D:6      | Killed a yak
  4121 | D:6      | Killed a yak
  4121 | D:6      | Killed a yak
  4543 | D:7      | Reached skill level 5 in Fighting
  4634 | D:7      | Found a staircase to the Ecumenical Temple.
  4659 | D:7      | Reached XP level 9. HP: 33/47 MP: 8/10
  4669 | Temple   | Entered the Ecumenical Temple
  4684 | Temple   | Quit the game

Vault maps used:
D:1:      dpeg_arrival_rooms_c
D:2:      nicolae_overflow_crystal_walls, nicolae_overflow_hidden_temple,
          first_bread, uniq_robin
D:3:      evilmike_ruin_ashenzari, serial_undead, serial_undead_c,
          serial_undead_f, serial_undead_a, serial_undead_d
D:4:      cheibriados_altar_1, roderic_lattice_a, uniq_pikel
D:5:      nemelex_deck, tso_metal_star, minmay_crossroads
D:7:      minmay_liquid_box
Temple:   nicolae_temple_no_exploring_needed

Action                   |  1- 3 |  4- 6 |  7- 9 || total
-------------------------+-------+-------+-------++-------
Melee: Hand axe          |   110 |   241 |   181 ||   532
 Abil: Evoke Berserk Rag |       |       |     2 ||     2
  Use: Scroll            |       |     5 |     3 ||     8
 Stab: Sleeping          |       |       |     2 ||     2
  Eat: Chunk             |       |     5 |     6 ||    11
       Beef jerky        |       |     1 |     1 ||     2
